 Dungeon Crawl Stone Soup version 0.29.1-1-gd02db69 (webtiles) character file.

Game seed: 15855620911248511825

368 Timinator the Insei (level 6, -2/48 HPs)
             Began as a Demigod Transmuter on Jan 12, 2023.
             Slain by Pikel
             ... wielding a +1 whip of freezing
              (4 damage)
             ... on level 4 of the Dungeon.
             The game lasted 00:12:52 (4158 turns).

Timinator the Insei (Demigod Transmuter)            Turns: 4158, Time: 00:12:54

Health: -2/48      AC:  4    Str: 12 (15) XL:     6   Next: 17%
Magic:  11/11      EV: 16    Int: 14 (15) God:
Gold:   152        SH:  0    Dex: 16 (18) Spells: 6/9 levels left

rFire   . . .      SeeInvis +     - Unarmed
rCold   . . .      Faith    .   (no shield)
rNeg    . . .      Spirit   .   s - +0 leather armour
rPois   .          Reflect  .   (no helmet)
rElec   .          Harm     .   (no cloak)
rCorr   .          Rampage  .   j - +0 pair of gloves
Will    .....                   (no boots)
Stlth   +.........              (no amulet)
HPRegen 0.16/turn               r - ring of see invisible
MPRegen 0.12/turn               f - +4 ring of evasion

@: flying
A: high MP 1, forlorn, divine attributes
a: no special abilities


You were on level 4 of the Dungeon.
You visited 1 branch of the dungeon, and saw 4 of its levels.

You collected 215 gold pieces.
You spent 63 gold pieces at shops.

Inventory:

Armour
 j - a +0 pair of gloves (worn)
 s - a +0 leather armour (worn)
Jewellery
 d - a ring of magical power
 f - a +4 ring of evasion (right hand)
 r - a ring of see invisible (left hand)
Wands
 q - a wand of quicksilver (13)
Scrolls
 a - a scroll of vulnerability {unknown}
 e - a scroll of amnesia {unknown}
 h - 2 scrolls of teleportation
 i - a scroll of identify {unknown}
 o - a scroll of enchant weapon {unknown}
Potions
 c - 2 potions of mutation {unknown}
 g - 2 potions of curing
 l - a potion of flight
 m - a potion of degeneration
 n - a potion of heal wounds {unknown}
 p - 2 potions of magic


   Skills:
 * Level 2.1 Fighting
 * Level 2.2 Armour
 + Level 2.8 Dodging
 + Level 4.3 Unarmed Combat
 - Level 2.0 Spellcasting
 + Level 3.1 Transmutations


You had 6 spell levels left.
You knew the following spells:

 Your Spells              Type           Power      Damage    Failure   Level
a - Beastly Appendage     Tmut           20%        N/A       9%          1
b - Wereblood             Tmut           10%        N/A       13%         2

Your spell library contained the following spells:

 Spells                   Type           Power      Damage    Failure   Level
 Foxfire                  Conj/Fire      4%         2x1d4     30%         1
 Spider Form              Tmut/Pois      5%         N/A       43%         3
 Conjure Flame            Conj/Fire      1%         6-21      65%         3
 Inner Flame              Hex/Fire       1%         N/A       65%         3
 Ice Form                 Ice/Tmut       5%         N/A       85%         4
 Flame Wave               Conj/Fire      1%         2d4       96%         4
 Fulminant Prism          Conj/Hex       0%         3d6       96%         4
 Iskenderun's Mystic Bla  Conj/Tloc      1%         2d3       96%         4
 Lee's Rapid Deconstruct  Erth           0%         3d5*      100%        5


Dungeon Overview and Level Annotations

Branches:
Dungeon (4/15)
 Temple: D:4-7

Shops:
D:3 [[:*[

Annotations:
D:4 Pikel


Innate Abilities, Weirdness & Mutations

You have an increased reservoir of magic. (+10% MP)
You shall have no god before yourself.
Your divine heritage dramatically boosts your attributes as you level up.


Message History

Pikel is severely wounded.
Pikel hits you with a +1 whip of freezing!
Pikel freezes you.
You hit Pikel but do no damage. You claw Pikel, but do no damage.
Pikel is severely wounded.
Pikel hits you with a +1 whip of freezing.
* * * LOW HITPOINT WARNING * * *
Pikel freezes you.
* * * LOW HITPOINT WARNING * * *
You hit Pikel but do no damage.
Pikel is severely wounded.
It was a potion of magic.
Magic courses through your body. Pikel closely misses you.
You hit Pikel. Your kick misses Pikel.
Pikel is severely wounded.
Your horns disappear.
Your talons disappear.
Pikel hits you with a +1 whip of freezing.
* * * LOW HITPOINT WARNING * * *
Pikel freezes you.
* * * LOW HITPOINT WARNING * * *
Okay, then.
Okay, then.
It was a potion of curing.
You feel better. Pikel barely misses you.
You hit Pikel but do no damage.
Pikel is severely wounded.
Pikel hits you with a +1 whip of freezing.
* * * LOW HITPOINT WARNING * * *
Pikel freezes you.
* * * LOW HITPOINT WARNING * * *
It was a potion of degeneration.
There was something very wrong with that liquid.
You feel weakened.
You feel dopey.
You feel clumsy. Pikel barely misses you.
It was a potion of flight.
You feel very buoyant.
You fly up into the air.
Pikel hits you with a +1 whip of freezing!
* * * LOW HITPOINT WARNING * * *
Pikel freezes you.
You die...

##.#####....)).#......##.##
#..#....###############..#
##...#### ##.## ####..#
#..# #.....# ### ##..
#.###.# )..# ##. ###.# #.##
###...# #. ####...#
#..######.....# ## ##.[.###
##.>.#.@K.....# # ...###
###...###.#### # .###
#...#### ... # ..# #.#....
..## #.###### #.#.... .#.
#....5.####...### ...# ###
######.......## #. . #..
##.....## #.##.. #. #..
#....#...####....#########
###


You could see Pikel.

Vanquished Creatures
  4 lemures (D:4)
  Blork the orc (D:4)
  A scorpion (D:4)
  A jelly (D:3)
  A hound (D:4)
  An iguana (D:4)
  An orc wizard (D:4)
  Terence (D:3)
  4 adders
  2 dart slugs (D:3)
  8 orcs (D:4)
  8 ball pythons
  9 bats
  6 endoplasms
  5 giant cockroaches
  6 goblins
  4 hobgoblins
  3 kobolds
  3 quokkas
  A frilled lizard (D:1)
  6 rats
76 creatures vanquished.

Vanquished Creatures (others)
  A fungus (D:1)
  4 plants (D:1)
5 creatures vanquished.

Grand Total: 81 creatures vanquished

Notes
Turn   | Place    | Note
-------+----------+-------------------------------------------
     0 | D:1      | Timinator the Demigod Transmuter began the quest for the
                  | Orb.
     0 | D:1      | Reached XP level 1. HP: 15/15 MP: 5/5
   146 | D:1      | Reached skill level 1 in Fighting
   426 | D:1      | Reached XP level 2. HP: 23/23 MP: 7/7
   562 | D:1      | Reached skill level 3 in Unarmed Combat
   854 | D:1      | Learned a level 2 spell: Wereblood
  1346 | D:2      | Reached XP level 3. HP: 28/28 MP: 8/8
  1706 | D:3      | Found Demiu's Antique Armour Shoppe.
  1912 | D:3      | Reached skill level 1 in Armour
  2047 | D:3      | Found Fuvilepn's Antique Armour Shop.
  2101 | D:3      | Reached XP level 4. HP: 34/35 MP: 9/9
  2218 | D:3      | Noticed Terence
  2229 | D:3      | Killed Terence
  2324 | D:3      | Found Hacik's Assorted Antiques.
  2332 | D:3      | Bought a potion of lignification for 63 gold pieces
  2407 | D:3      | Found Piqiple's Book Emporium.
  2438 | D:3      | Found Nerph's Armour Shop.
  2937 | D:4      | Reached XP level 5. HP: 24/41 MP: 10/10
  3267 | D:4      | Noticed Blork the orc
  3278 | D:4      | Killed Blork the orc
  3279 | D:4      | Reached skill level 4 in Unarmed Combat
  3337 | D:4      | Noticed Pikel
  3651 | D:4      | HP: 3/61 [lemure[Pikel] (4)]
  3657 | D:4      | HP: 3/61 [lemure[Pikel] (1)]
  3685 | D:4      | Reached XP level 6. HP: 10/48 MP: 11/11
  4158 | D:4      | HP: 2/48 [Pikel/+1 whip of freezing (7)]
  4158 | D:4      | Slain by Pikel

Illustrated notes

Levels and vault maps discovered:
D:1:      dpeg_arrival_three_bigger_balls, layout_basic,
          dreamdust_ecumenical_altar_grove, chequers_garden
D:2:      layout_loops_ring, basic_altar, kennysheep_generic_room_13
D:3:      layout_basic, serial_shops, nicolae_shop_stone, shop, shop,
          nicolae_shop_crystal, nicolae_shop_behind_doors,
          hangedman_abyss_or_decor_stabs, kennysheep_crisscross, uniq_terence
D:4:      layout_rooms, lemuel_coloured_pillars_altar,
          nicolae_shop_overcharged_wands, uniq_blork_the_orc, uniq_pikel

Skill      XL: |  1  2  3  4  5 |
---------------+----------------+-----
Fighting       | 1 2 |  2.1
Spellcasting   | 2 |  2.0
Unarmed Combat | 3 4 |  4.3
Dodging        | 2 |  2.8
Transmutations | 2 3 |  3.1
Armour         | 1 2 |  2.2

Action                   |  1- 3 |  4- 6 || total
-------------------------+-------+-------++-------
Melee: Unarmed           |   147 |   148 ||   295
       Kick              |     8 |    30 ||    38
       Headbutt          |     4 |    25 ||    29
       Punch             |     1 |     3 ||     4
 Cast: Beastly Appendage |    21 |    18 ||    39
       Wereblood         |     2 |     7 ||     9
  Use: Potion            |       |     6 ||     6
       Scroll            |       |     1 ||     1
 Stab: Sleeping          |     1 |     1 ||     2
Armor: Robe              |    52 |     1 ||    53
       Skin              |       |    17 ||    17
       Leather armour    |       |     2 ||     2
Dodge: Dodged            |   137 |    83 ||   220
